 Dungeon Crawl Stone Soup version 0.28-b1-25-g9875b3fc8c (webtiles) character file.

Game seed: 12448134996203400524

147 inmateoo the Insei (level 5, 0/40 HPs)
             Began as a Draconian Transmuter on Feb 7, 2022.
             Splashed by a jelly's acid (10 damage)
             ... on level 4 of the Dungeon.
             The game lasted 00:02:08 (2908 turns).

inmateoo the Insei (Draconian Transmuter)           Turns: 2908, Time: 00:02:08

Health: 0/40       AC: -2    Str: 12    XL:     5   Next: 8%
Magic:  4/9        EV: 19    Int: 15    God:
Gold:   109        SH:  0    Dex: 17    Spells: 3/9 levels left

rFire   . . .      SeeInvis .     - Unarmed
rCold   . . .      Faith    .   (shield currently unavailable)
rNeg    . . .      Spirit   .   (armour unavailable)
rPois   x          Reflect  .   (helmet currently unavailable)
rElec   .          Harm     .   (cloak currently unavailable)
rCorr   .          Rampage  .   (gloves currently unavailable)
Will    .....                   (boots currently unavailable)
Stlth   ++........              (no amulet)
HPRegen 0.13/turn               (no ring)
MPRegen 0.11/turn               (no ring)

@: spider-form (expiring), corroded
A: venomous fangs, AC +5, tiny, unfitting armour, (cold-blooded)
a: End Transformation


You were on level 4 of the Dungeon.
You were a venomous arachnid creature.
You visited 1 branch of the dungeon, and saw 4 of its levels.

You collected 109 gold pieces.

Inventory:

Missiles
 c - 5 curare-tipped darts (quivered)
Scrolls
 b - 3 scrolls of fog {unknown}
 d - a scroll of torment {unknown}
 e - a scroll of teleportation {unknown}
 f - 2 scrolls of amnesia {unknown}
 i - a scroll of identify {unknown}
 j - a scroll of enchant weapon {unknown}
 k - 2 scrolls of enchant armour {unknown}
 m - a scroll of blinking {unknown}
Potions
 a - a potion of berserk rage {unknown}
 g - 5 potions of curing {unknown}
 h - a potion of brilliance {unknown}
 l - 2 potions of heal wounds {unknown}
 n - a potion of attraction {unknown}


   Skills:
 + Level 1.5 Fighting
 - Level 2.0 Dodging
 + Level 0.6 Stealth
 + Level 4.4 Unarmed Combat
 + Level 2.7 Spellcasting
 + Level 2.6 Transmutations
 * Level 1.1 Poison Magic


You had 3 spell levels left.
You knew the following spells:

 Your Spells              Type           Power      Damage    Failure   Level
a - Beastly Appendage     Tmut           20%        N/A       19%         1
b - Wereblood             Tmut           10%        N/A       26%         2
c - Spider Form           Tmut/Pois      7%         N/A       50%         3

Your spell library contained the following spells:

 Spells                   Type           Power      Damage    Failure   Level
 Ice Form                 Ice/Tmut       6%         N/A       89%         4


Dungeon Overview and Level Annotations

Branches:
Dungeon (4/15)
 Temple: D:4-7

Altars:

Annotations:
D:4 2 transporters, Nattefrost's ghost, amateur GnWn


Innate Abilities, Weirdness & Mutations

You are a venomous arachnid creature.
You have poisonous fangs.
You are tiny and dextrous.
Your spellcasting is less reliable in this form.
Your armour is entirely melded.
You are incapable of wielding weapons or throwing items.
((Your plain brown scales are hard. (AC +5)))
You cannot fit into any form of body armour.
((You are cold-blooded and may be slowed by cold attacks.))


Message History

Found a stone staircase leading down.
Found a transporter.
The endoplasm quivers.
No reachable target in view!
No reachable target in view!
Nattefrost's ghost turns its malevolent gaze towards you.
The ball python hisses angrily.
A scorpion comes into view.
Found a quarterstaff, 14 gold pieces and 19 stones.
A jelly comes into view.
Found an emerald potion.
The kobold shouts!
The jelly quivers.
There are monsters nearby!
There are monsters nearby!
The scorpion closely misses you.
There are monsters nearby!
The scorpion stings you.
Casting: Beastly Appendage (safe; 8% risk of failure)
Confirm with . or Enter, or press ? or * to list all spells.
The spell is quite dangerous to miscast (34% risk of failure)!
Continue anyway?
You turn into a venomous arachnid creature.
The scorpion stings you!
You hit the scorpion but do no damage.
The scorpion is poisoned.
The scorpion misses you.
You hit the scorpion.
The scorpion looks as sick as possible!
The scorpion is moderately wounded.
Your transformation is almost over.
The scorpion misses you. The scorpion stings you!
You hit the scorpion.
The scorpion looks as sick as possible!
The scorpion is almost dead.
You kill the scorpion!
Your Poison Magic skill increases to level 1!
You have reached level 5!
You bite the jelly!
Your front legs burn!
* * * LOW HITPOINT WARNING * * *
The jelly is severely wounded.
The jelly hits you.
* * * LOW HITPOINT WARNING * * *
The acid corrodes you!
You are splashed with acid!
You die...

#.....#....#.####...#####
##..###.####........##..$!.
..........##..####..#8.....
........#.##..## #..#......
...#####.#.#...###..#......
.... ###...<....©#W...©.
#..# ##........#J..... #..#
#.#.##J#..#SK.... #..
#.#####s#..#8..).. #.#
#.#.J##©.... ...
#.#...###### ##
#>#......... #.##.(......
#.#######.## #.# .# #.. #


You could see a jelly.

Vanquished Creatures
  A scorpion (D:4)
  An adder skeleton (D:4)
  2 worms (D:2)
  3 dart slugs
  5 orcs
  7 bats
  10 endoplasms
  6 giant cockroaches
  5 goblins
  3 hobgoblins
  4 kobolds
  4 quokkas
  8 ball pythons
  A frilled lizard (D:2)
  5 rats
65 creatures vanquished.

Notes
Turn   | Place    | Note
-------+----------+-------------------------------------------
     0 | D:1      | inmateoo the Draconian Transmuter began the quest for the
                  | Orb.
     0 | D:1      | Reached XP level 1. HP: 16/16 MP: 3/3
   317 | D:1      | Reached XP level 2. HP: 19/23 MP: 5/5
   781 | D:1      | Reached XP level 3. HP: 25/28 MP: 6/6
   804 | D:1      | Found a faded altar of an unknown god.
  1232 | D:2      | Learned a level 2 spell: Wereblood
  1236 | D:2      | Learned a level 3 spell: Spider Form
  1347 | D:2      | Reached skill level 4 in Unarmed Combat
  1641 | D:2      | Reached XP level 4. HP: 35/35 MP: 5/7
  2890 | D:4      | Found a transporter.
  2892 | D:4      | Found a transporter.
  2892 | D:4      | Noticed Nattefrost's ghost (amateur GnWn)
  2895 | D:4      | Noticed a scorpion
  2907 | D:4      | Killed a scorpion
  2908 | D:4      | Reached skill level 1 in Poison Magic
  2908 | D:4      | Reached XP level 5. HP: 14/40 MP: 4/9
  2908 | D:4      | Splashed by a jelly's acid

Illustrated notes

Levels and vault maps discovered:
D:1:      dpeg_arrival_shelter, layout_rooms, ebering_ecumenical_altar_ruins
D:2:      layout_basic, minivault_24, minmay_small_reverse_x
D:3:      layout_basic
D:4:      minmay_general_purpose_star, layout_loops_ring, gammafunk_ghost_arena

Skill      XL: |  1  2  3  4 |
---------------+-------------+-----
Dodging        | 2 |  2.0
Unarmed Combat | 4 |  4.4
Poison Magic   | 1 |  1.1
Fighting       | |  1.5
Stealth        | |  0.6
Spellcasting   | |  2.7
Transmutations | |  2.6

Action                   |  1- 3 |  4- 6 || total
-------------------------+-------+-------++-------
Melee: Unarmed           |   104 |    42 ||   146
       Kick              |    18 |    10 ||    28
       Tailslap          |    11 |     3 ||    14
       Headbutt          |    10 |     4 ||    14
       Punch             |     1 |       ||     1
 Cast: Beastly Appendage |    22 |    12 ||    34
       Spider Form       |       |     1 ||     1
 Stab: Sleeping          |     2 |     1 ||     3
Armor: Skin              |    44 |    13 ||    57
Dodge: Dodged            |    71 |    26 ||    97
